AoeStats
← K

Black Forest

509926183Analyzed
4v4 RM · 4d ago on Sep 28, 2026· 67m 54s· 8 players
Game mode
Random Map
Map size
Large (8 player)
Population
200
Speed
Normal
Resources
Standard
Victory
Conquest
Starting age
Dark Age
Ending age
Imperial Age
RankedLock teamsTeams togetherTeam positionsShared explorationLock speedFull tech treeHidden civsTurbo modeCheats
Victory
Defeat
🇳🇱 Wei · Netherlands
1227
+14
🇷🇴 Teutons · Romania
1126
+18
🇮🇹 Chinese · Italy
1123
+18
🇧🇷 Vietnamese · Brazil
1105
+19
🇨🇳 Spanish · China
1229
-21
🇨🇳 Maya · China
1228
-19
🇻🇳 Celts · Vietnam
1121
-15
🇬🇧 Franks · United Kingdom
1092
-14
Sam
0:36 Loom
13:06 Feudal Age
14:30 Double-Bit Axe
20:21 Castle Age
18:21 Horse Collar
19:00 Stone Mining
21:12 Town Watch
22:02 Wheelbarrow
21:41 Bow Saw
21:32 Heavy Plow
22:09 Stone Shaft Mining
21:27 Gold Mining
26:54 Fortified Wall
28:00 Treadmill Crane
31:46 Hand Cart
35:13 Imperial Age
33:16 Fletching
33:26 Padded Archer Armor
33:36 Forging
33:26 Scale Mail Armor
34:04 Squires
34:12 Bodkin Arrow
34:23 Scale Barding Armor
34:35 Masonry
34:20 Murder Holes
34:54 Ballistics
35:16 Chatras
36:29 Crop Rotation
37:01 Two-Man Saw
35:47 Elite Skirmisher
35:49 Elite Fire Lancer
37:26 Husbandry
37:36 Bloodlines
38:04 Paper Money
37:14 Imperial Skirmisher
40:15 Hoardings
41:22 Chemistry
40:27 Siege Engineers
39:47 Capped Ram
40:40 Bracer
40:55 Leather Archer Armor
40:56 Chain Mail Armor
41:17 Iron Casting
43:12 Ring Archer Armor
43:02 Chain Barding Armor
42:13 Light Cavalry
42:21 Crossbowman
43:10 Elite Battle Elephant
45:49 Pikeman
46:48 Halberdier
52:34 Plate Mail Armor
52:39 Plate Barding Armor
52:07 Caravan
54:55 Hoardings
55:30 Arbalester
56:42 Sappers
ITA | Hexandro
11:33 Feudal Age
18:28 Castle Age
17:14 Double-Bit Axe
18:20 Gold Mining
25:18 Horse Collar
25:45 Fletching
26:42 Bodkin Arrow
27:23 Padded Archer Armor
28:45 Leather Archer Armor
35:37 Imperial Age
33:52 Pikeman
34:33 Squires
34:36 Scale Mail Armor
34:47 Forging
35:40 Wheelbarrow
35:44 Ballistics
36:00 Heavy Plow
35:51 Elite Chu Ko Nu
36:54 Bracer
37:55 Gold Shaft Mining
37:49 Conscription
38:18 Fortified Wall
39:30 Chemistry
40:05 Ring Archer Armor
49:01 Bow Saw
56:01 Chain Mail Armor
56:22 Iron Casting
57:16 Halberdier
59:33 Caravan
AestivalCloud79
6:40 Loom
11:51 Feudal Age
17:36 Castle Age
16:12 Double-Bit Axe
16:12 Horse Collar
18:34 Gold Mining
19:55 Bow Saw
21:11 Wheelbarrow
25:58 Bloodlines
26:59 Hand Cart
27:24 Scale Barding Armor
27:30 Forging
27:37 Stone Mining
29:58 Chain Barding Armor
30:14 Iron Casting
34:20 Imperial Age
32:04 Heavy Plow
32:06 Scale Mail Armor
31:56 Fletching
32:07 Padded Archer Armor
34:08 Stone Shaft Mining
33:52 Chain Mail Armor
33:32 Bodkin Arrow
33:53 Leather Archer Armor
34:43 Ballistics
34:45 Fishing Lines
36:08 Plate Barding Armor
36:34 Blast Furnace
35:15 Cavalier
37:32 Chemistry
37:27 Paladin
40:36 Caravan
41:43 Plate Mail Armor
41:44 Ring Archer Armor
53:55 Conscription
53:27 Elite Teutonic Knight
58:51 Two-Man Saw
58:30 Crop Rotation
Knaapje
10:54 Feudal Age
11:38 Double-Bit Axe
11:34 Horse Collar
11:45 Gold Mining
11:45 Stone Mining
16:33 Castle Age
19:40 Bow Saw
20:04 Husbandry
25:13 Scale Barding Armor
26:18 Bloodlines
26:44 Chain Barding Armor
26:34 Forging
35:48 Wheelbarrow
43:22 Imperial Age
43:04 Tuntian
49:02 Iron Casting
51:08 Blast Furnace
51:05 Ming Guang Armor
52:06 Hand Cart
53:32 Scale Mail Armor
54:43 Loom
56:21 Gold Shaft Mining
56:21 Stone Shaft Mining
55:16 Pikeman
56:19 Chain Mail Armor
56:08 Squires
56:26 Caravan
56:30 Halberdier
61:26 Elite Tiger Cavalry
65:10 Onager
65:15 Light Cavalry
66:59 Hussar
张维为
0:32 Loom
11:31 Feudal Age
12:57 Double-Bit Axe
15:53 Castle Age
16:06 Town Watch
15:59 Eagle Warrior
19:44 Scale Mail Armor
20:30 Gold Mining
21:36 Squires
29:09 Pikeman
34:00 Chain Mail Armor
33:56 Forging
39:36 Iron Casting
38:49 Arson
40:48 Wheelbarrow
42:58 Fletching
43:08 Padded Archer Armor
43:24 Elite Skirmisher
44:21 Bodkin Arrow
44:41 Leather Archer Armor
48:12 Imperial Age
46:28 Ballistics
51:47 Fishing Lines
53:54 Chemistry
53:29 Bracer
53:59 Ring Archer Armor
54:06 Hand Cart
55:14 Thumb Ring
我很牛逼
14:59 Feudal Age
16:04 Loom
17:14 Double-Bit Axe
17:13 Horse Collar
21:20 Castle Age
22:24 Caravan
32:06 Heavy Plow
39:13 Imperial Age
37:56 Bow Saw
38:08 Husbandry
39:11 Bloodlines
39:20 Cavalier
40:08 Scale Barding Armor
40:13 Forging
40:08 Scale Barding Armor
40:13 Forging
40:09 Scale Barding Armor
40:20 Gold Mining
40:20 Stone Mining
43:11 Iron Casting
42:56 Chain Barding Armor
43:12 Iron Casting
42:57 Chain Barding Armor
43:12 Iron Casting
42:57 Chain Barding Armor
44:14 Two-Man Saw
44:06 Conscription
44:13 Conscription
45:00 Blast Furnace
44:35 Plate Barding Armor
45:00 Blast Furnace
44:35 Plate Barding Armor
45:01 Blast Furnace
44:36 Plate Barding Armor
44:14 Paladin
47:05 Fishing Lines
48:02 Wheelbarrow
48:54 Supremacy
48:35 Inquisition
51:16 Chemistry
50:32 Light Cavalry
52:25 Hussar
53:31 Gillnets
54:02 Hand Cart
54:12 Pikeman
54:53 Squires
54:39 Arson
54:40 Gambesons
57:11 Scale Mail Armor
58:54 Bombard Tower
61:56 Halberdier
nguyen.tranchk32.dlu
0:55 Loom
13:31 Feudal Age
19:57 Castle Age
17:53 Double-Bit Axe
21:47 Horse Collar
22:26 Bow Saw
24:09 Wheelbarrow
36:56 Imperial Age
36:59 Scale Mail Armor
37:24 Onager
40:39 Chain Mail Armor
41:17 Elite Woad Raider
43:26 Pikeman
44:18 Forging
44:56 Plate Mail Armor
44:33 Capped Ram
48:47 Iron Casting
51:04 Arson
52:21 Blast Furnace
53:11 Ballistics
52:58 Halberdier
53:50 Fletching
55:59 Husbandry
56:06 Scale Barding Armor
56:27 Light Cavalry
57:33 Chain Barding Armor
58:09 Caravan
59:29 Chemistry
58:26 Bodkin Arrow
60:03 Hussar
K
13:02 Feudal Age
17:00 Castle Age
20:52 Double-Bit Axe
22:21 Bow Saw
23:10 Gold Mining
23:33 Forging
24:35 Scale Barding Armor
25:51 Wheelbarrow
25:02 Loom
26:03 Iron Casting
26:27 Husbandry
28:00 Gold Shaft Mining
28:39 Hand Cart
28:10 Town Watch
29:09 Stone Mining
30:40 Chain Barding Armor
36:39 Imperial Age
34:09 Town Patrol
35:02 Caravan
35:45 Treadmill Crane
37:41 Conscription
36:51 Cavalier
39:16 Blast Furnace
38:52 Plate Barding Armor
38:54 Fletching
38:45 Paladin
40:29 Scale Mail Armor
40:31 Padded Archer Armor
40:43 Chivalry
47:36 Chain Mail Armor
46:47 Pikeman
47:28 Squires
47:13 Gambesons
47:14 Arson
48:26 Halberdier
51:11 Light Cavalry
57:23 Hoardings
58:11 Plate Mail Armor
57:39 Bodkin Arrow
57:59 Leather Archer Armor
57:51 Man-at-Arms
61:58 Chemistry
61:19 Ballistics
61:05 Siege Engineers
60:49 Arrowslits
61:00 Murder Holes
61:16 Masonry
61:03 Onager
65:23 Elite Throwing Axeman
65:33 Heavy Scorpion
Connection lost

Rejoining the realm…

Still unreachable

The connection could not be restored.

Session expired

The server has moved on; the page needs a fresh start.